 Dungeon Sprint DCSS version 0.20-a0-641-g673355a (webtiles) character file.

6457 Kidiri the Eclecticist (level 10, -4/63 HPs)
             Began as a Deep Elf Fire Elementalist on Feb 13, 2017.
             Was the Champion of Vehumet.
             Slain by a demonic crawler (5 damage)
             ... in the Dungeon (Sprint I: "Red Sonja").
             The game lasted 00:14:03 (1963 turns).

Kidiri the Eclecticist (Deep Elf Fire Elementalist) Turns: 1963, Time: 00:14:03

Health: -4/63      AC:  9    Str:  5    XL:     10   Next: 67%
Magic:  7/31       EV: 19    Int: 24    God:    Vehumet [******]
Gold:   497        SH:  2    Dex: 15    Spells: 11/40 levels left

rFire    + . .     SeeInvis .   l - +0 dagger
rCold    . . .     Gourm    .   d - +2 robe {rF+}
rNeg     . . .     Faith    .   (no shield)
rPois    .         Spirit   .   (no helmet)
rElec    .         Reflect  +   q - +0 cloak
rCorr    .         Harm     .   p - +2 pair of gloves
MR       +....     NoTele   +   (no boots)
Stlth    +++.......             s - +2 amulet of reflection
Regen    0.2/turn               (no ring)
MPRegen  0.3/turn               t - ring of stealth

@: very slightly contaminated
A: no striking features
a: Renounce Religion


You were in the Dungeon.
You worshipped Vehumet.
Vehumet was exalted by your worship.
You were not hungry.

You visited 1 branch You collected 1060 gold pieces.
You spent 563 gold pieces at shops.

Inventory:

Hand Weapons
 l - a +0 dagger (weapon)
Armour
 d - a +2 robe of fire resistance (worn)
 p - a +2 pair of gloves (worn)
 q - a +0 cloak (worn)
 v - a +0 buckler
Jewellery
 s - a +2 amulet of reflection (around neck)
 t - a ring of stealth (left hand)
Wands
 m - a wand of digging (11/24)
Scrolls
 a - a scroll of magic mapping {unknown}
 c - a scroll of fog {unknown}
 k - a scroll of amnesia {unknown}
Potions
 f - a potion of haste
 g - 2 potions of magic
 h - a potion of berserk rage
 j - a potion of mutation {unknown}
 n - a potion of flight {unknown}
 o - 2 potions of curing
 r - a potion of lignification {unknown}
 u - 2 potions of brilliance {unknown}
Books
 b - a book of Flames

   Spells                             Type                      Level
   a - Flame Tongue                   Conjuration/Fire             1
   b - Throw Flame                    Conjuration/Fire             2
   c - Conjure Flame                  Conjuration/Fire             3
   d - Inner Flame                    Hexes/Fire                   3
   e - Sticky Flame                   Conjuration/Fire             4
   f - Fireball                       Conjuration/Fire             5


   Skills:
 + Level 7.5 Fighting
 + Level 7.6 Short Blades
 + Level 7.5 Armour
 - Level 10.7 Dodging
 - Level 2.4 Stealth
 + Level 1.0 Shields
 * Level 15.8 Spellcasting
 + Level 10.0 Conjurations
 + Level 10.3 Fire Magic
 + Level 1.3 Ice Magic
 + Level 2.2 Air Magic
 + Level 2.2 Poison Magic
 + Level 7.7 Evocations


You had 11 spell levels left.
You knew the following spells:

 Your Spells              Type           Power        Failure   Level  Hunger
a - Flame Tongue          Conj/Fire      #####        1%          1    None
b - Throw Flame           Conj/Fire      ######       1%          2    None
c - Conjure Flame         Conj/Fire      ######..     1%          3    None
d - Inner Flame           Hex/Fire       #####...     1%          3    None
e - Sticky Flame          Conj/Fire      ######..     1%          4    None
f - Fireball              Conj/Fire      ######....   1%          5    ##.....
g - Sting                 Conj/Pois      ####         1%          1    None
h - Mephitic Cloud        Conj/Pois/Air  #####...     1%          3    None
i - Throw Icicle          Conj/Ice       #####...     1%          4    None
j - Ignite Poison         Fire/Tmut/Pois #####...     1%          3    None


Dungeon Overview and Level Annotations

Branches:
Dungeon (1/1)

Altars:
Cheibriados
Dithmenos
Elyvilon
Fedhas
Gozag
Hepliaklqana
Kikubaaqudgha
Makhleb
Nemelex Xobeh
Okawaru
Qazlal
Ru
Sif Muna
Trog
Uskayaw
Vehumet
Xom
Yredelemnul
Zin
The Shining One
Jiyva
Lugonu

Shops:
D :}[}*=:==([%[%*[(


Message History

Press: ? - help, Shift-Dir - straight line, f - demonic crawler, p - demonic crawler
Aim: a demonic crawler (lightly wounded, clinging)
The fireball explodes!
The fireball engulfs the demonic crawler.
The demonic crawler resists.
The demonic crawler is heavily wounded.
The fireball engulfs the demonic crawler.
The demonic crawler resists.
The demonic crawler is lightly wounded.
The fireball engulfs the demonic crawler.
The demonic crawler resists.
The demonic crawler is lightly wounded.
The demonic crawler burns! x2; The demonic crawler closely misses you.
The demonic crawler completely misses you. x2
The demonic crawler hits you but does no damage. x2
The demonic crawler hits you.
* * * LOW HITPOINT WARNING * * *
The demonic crawler hits you but does no damage.
The demonic crawler hits you.
You die...

###################
#<.#..'..#..'s.#__#
#..'[.#..').#..'.s'
#.s#####+#####+#__#
#ss####..#...#(####
#s@#__####..##.#§≈§
#..#_____##+#..+≈§§
#⌠⌠#_.∩...+.(._#§)≈
####_..__##_(#+##+#
#_____###+#)#.).
############.####+#
#∩........+...+....
###++++####...#####
###.###...


You could see 4 demonic crawlers.

Vanquished Creatures
  2 centaur warriors (D)
  Sonja (D)
  A deep troll (D)
  2 unseen horrors (D)
  An oklob plant (D)
  2 kobold demonologists (D)
  A slime creature (D)
  A hornet (D)
  Sigmund (D)
  A yak (D)
  2 redbacks (D)
  2 floating eyes (D)
  An ogre (D)
  7 necrophages (D)
  8 jellies (D)
  Ijyb (D)
  2 ballistomycetes (D)
  A ballistomycete spore (D)
37 creatures vanquished.

Vanquished Creatures (others)
  2 hornets (D)
  A ballistomycete spore (D)
3 creatures vanquished.

Grand Total: 40 creatures vanquished

Notes
Turn   | Place    | Note
-------+----------+-------------------------------------------
     0 | D        | Kidiri the Deep Elf Fire Elementalist began the quest for the Orb.
     0 | D        | Reached XP level 1. HP: 10/10 MP: 6/6
     4 | D        | Noticed Ijyb
    15 | D        | Killed Ijyb
    15 | D        | Reached skill level 1 in Fighting
    15 | D        | Reached skill level 1 in Armour
    15 | D        | Reached skill level 5 in Spellcasting
    15 | D        | Reached XP level 2. HP: 2/16 MP: 2/10
    25 | D        | Learned a level 2 spell: Throw Flame
   294 | D        | Noticed an ogre
   306 | D        | Killed an ogre
   306 | D        | Reached skill level 7 in Spellcasting
   306 | D        | Reached XP level 3. HP: 22/22 MP: 8/13
   306 | D        | Reached XP level 4. HP: 27/27 MP: 9/15
   311 | D        | Learned a level 3 spell: Conjure Flame
   315 | D        | Learned a level 3 spell: Inner Flame
   320 | D        | Learned a level 4 spell: Sticky Flame
   345 | D        | Noticed Sigmund
   350 | D        | Killed Sigmund
   350 | D        | Reached skill level 5 in Dodging
   350 | D        | Reached skill level 9 in Spellcasting
   350 | D        | Reached skill level 5 in Conjurations
   350 | D        | Reached XP level 5. HP: 21/32 MP: 8/18
   361 | D        | Learned a level 5 spell: Fireball
   469 | D        | Found a burning altar of Makhleb.
   469 | D        | Found a viscous altar of Jiyva.
   469 | D        | Found a shimmering altar of Xom.
   469 | D        | Found a corrupted altar of Lugonu.
   469 | D        | Noticed a slime creature
   492 | D        | Killed a slime creature
   492 | D        | Reached skill level 10 in Spellcasting
   492 | D        | Reached XP level 6. HP: 38/38 MP: 4/21
   591 | D        | Found a deep blue altar of Sif Muna.
   593 | D        | Found a radiant altar of Vehumet.
   606 | D        | Became a worshipper of Vehumet
   637 | D        | Found Jonyg's Gadget Emporium.
   637 | D        | Found an ancient bone altar of Kikubaaqudgha.
   637 | D        | Found a hazy altar of Hepliaklqana.
   637 | D        | Found a stormy altar of Qazlal.
   637 | D        | Found a hide-covered altar of Uskayaw.
   637 | D        | Found a blossoming altar of Fedhas.
   637 | D        | Found a bloodstained altar of Trog.
   637 | D        | Found an iron altar of Okawaru.
   637 | D        | Found a basalt altar of Yredelemnul.
   637 | D        | Found a glowing golden altar of the Shining One.
   637 | D        | Found a snail-covered altar of Cheibriados.
   637 | D        | Found a sacrificial altar of Ru.
   637 | D        | Found a glowing silver altar of Zin.
   637 | D        | Found a shadowy altar of Dithmenos.
   637 | D        | Found a white marble altar of Elyvilon.
   637 | D        | Noticed a yak
   638 | D        | Found an opulent altar of Gozag.
   644 | D        | Killed a yak
   644 | D        | Reached skill level 11 in Spellcasting
   644 | D        | Reached skill level 1 in Evocations
   644 | D        | Reached XP level 7. HP: 25/44 MP: 18/23
   651 | D        | Found a sparkling altar of Nemelex Xobeh.
   780 | D        | Noticed Sonja
   785 | D        | Killed Sonja
   785 | D        | Reached skill level 5 in Fighting
   785 | D        | Reached skill level 5 in Armour
   785 | D        | Reached skill level 12 in Spellcasting
   785 | D        | Reached XP level 8. HP: 43/49 MP: 19/26
   804 | D        | Found Ovviluo's Book Boutique.
   829 | D        | Noticed a deep troll
   845 | D        | Killed a deep troll
   845 | D        | Reached * piety under Vehumet
   845 | D        | Offered knowledge of Sting by Vehumet.
   845 | D        | Reached skill level 5 in Short Blades
   848 | D        | Learned a level 1 spell: Sting
   866 | D        | Found Senoug's Armour Emporium.
   871 | D        | Bought a +2 robe of fire resistance for 212 gold pieces
   871 | D        | Bought a +2 pair of gloves for 198 gold pieces
   871 | D        | Bought a +0 cloak for 54 gold pieces
  1285 | D        | Noticed a centaur warrior
  1287 | D        | Noticed a centaur warrior
  1288 | D        | Killed a centaur warrior
  1288 | D        | Reached skill level 13 in Spellcasting
  1288 | D        | Reached skill level 5 in Evocations
  1288 | D        | Reached XP level 9. HP: 45/55 MP: 11/28
  1290 | D        | Killed a centaur warrior
  1290 | D        | Reached skill level 14 in Spellcasting
  1421 | D        | Reached ** piety under Vehumet
  1421 | D        | Offered knowledge of Searing Ray by Vehumet.
  1486 | D        | Noticed an oklob plant
  1494 | D        | Killed an oklob plant
  1540 | D        | Reached skill level 10 in Dodging
  1549 | D        | Reached XP level 10. HP: 59/61 MP: 23/30
  1585 | D        | Noticed an unseen horror
  1587 | D        | Noticed an unseen horror
  1589 | D        | Killed an unseen horror
  1589 | D        | Offered knowledge of Mephitic Cloud by Vehumet.
  1589 | D        | Reached *** piety under Vehumet
  1589 | D        | Reached skill level 15 in Spellcasting
  1590 | D        | Killed an unseen horror
  1590 | D        | Reached skill level 10 in Fire Magic
  1602 | D        | Learned a level 3 spell: Mephitic Cloud
  1641 | D        | Offered knowledge of Throw Icicle by Vehumet.
  1708 | D        | Reached **** piety under Vehumet
  1712 | D        | Reached ***** piety under Vehumet
  1714 | D        | Reached skill level 1 in Air Magic
  1716 | D        | Reached skill level 1 in Poison Magic
  1761 | D        | Found Reifeo's Gadget Shoppe.
  1761 | D        | Found Uphinit's Antique Armour Shop.
  1761 | D        | Found Ficzih's Assorted Antiques.
  1763 | D        | Found Fistovon's Jewellery Emporium.
  1763 | D        | Found Zynt's Book Shop.
  1763 | D        | Found Wenumiro's Jewellery Shoppe.
  1763 | D        | Found Fateopu's Jewellery Boutique.
  1763 | D        | Found Elyturph's Antique Weapon Emporium.
  1763 | D        | Found Ceafoito's Armour Shop.
  1763 | D        | Found Jeruruf's Food Shoppe.
  1767 | D        | Found Butiwone's Armour Boutique.
  1768 | D        | Found Lamoxki's Assorted Antiques.
  1768 | D        | Found Lenguac's Food Boutique.
  1769 | D        | Found Etzuhiov's Antique Weapon Emporium.
  1793 | D        | Bought a buckler for 99 gold pieces
  1906 | D        | Learned a level 4 spell: Throw Icicle
  1908 | D        | Offered knowledge of Ignite Poison by Vehumet.
  1909 | D        | Reached ****** piety under Vehumet
  1909 | D        | Reached skill level 1 in Shields
  1909 | D        | Reached skill level 10 in Conjurations
  1909 | D        | Reached skill level 1 in Ice Magic
  1921 | D        | Learned a level 3 spell: Ignite Poison
  1962 | D        | HP: 3/63 [demonic crawler (9)]
  1963 | D        | HP: 1/63 [demonic crawler (2)]
  1963 | D        | Slain by a demonic crawler

Vault maps used:
D:        dungeon_sprint_1

Skill      XL: |  1  2  3  4  5  6  7  8  9 10 |
---------------+-------------------------------+-----
Fighting       | 1 2 3 4 5 6 7 |  7.5
Armour         | 1 2 3 4 5 6 7 |  7.5
Dodging        | 3 4 5 6 7 8 9 10 | 10.7
Spellcasting   | 5 7 9 10 11 12 13 14 15 | 15.8
Conjurations   | 2 3 5 6 7 8 9 10 | 10.0
Fire Magic     | 4 6 7 8 9 10 | 10.3
Short Blades   | 2 3 4 5 6 7 |  7.6
Evocations     | 1 3 5 6 7 |  7.7
Air Magic      | 2 |  2.2
Poison Magic   | 2 |  2.2
Shields        | 1 |  1.0
Ice Magic      | 1 |  1.3
Stealth        | |  2.4

Action                   |  1- 3 |  4- 6 |  7- 9 | 10-12 || total
-------------------------+-------+-------+-------+-------++-------
Melee: Dagger            |       |     2 |     1 |     2 ||     5
 Cast: Flame Tongue      |    12 |     6 |    26 |    11 ||    55
       Sticky Flame      |       |     5 |     7 |    10 ||    22
       Throw Flame       |       |       |     2 |       ||     2
       Conjure Flame     |       |       |     4 |     1 ||     5
       Fireball          |       |       |     4 |     9 ||    13
       Mephitic Cloud    |       |       |       |     1 ||     1
  Use: Potion            |     1 |       |     1 |     2 ||     4
       Scroll            |       |       |       |     1 ||     1
 Stab: Sleeping          |       |     1 |     1 |     1 ||     3
  Eat: Bread ration      |       |       |     1 |       ||     1
Armor: Robe              |     1 |     1 |     1 |    19 ||    22
Dodge: Dodged            |     7 |    10 |     9 |    73 ||    99
Block: Other             |       |       |       |     4 ||     4
